[ AOE2 MATCH · #482280222 ]
UnrankedPersians vs Huns
[ REPLAY ANALYSIS · EXTRACTED FROM THE RECORDED GAME ]
Feudal
—
Castle
—
Imperial
—
| APM avg | 19.3 |
| APM peak | 45 |
| eAPM avg | 11.8 |
| Villagers / military | 16 / 0 |
Focus
⚔️ 0.0% · 🌾 100.0%
Feudal
—
Castle
—
Imperial
—
| APM avg | 20.4 |
| APM peak | 35 |
| eAPM avg | 8.0 |
| Villagers / military | 7 / 0 |
Focus
⚔️ 11.1% · 🌾 88.9%
Feudal
—
Castle
—
Imperial
—
| APM avg | 27.2 |
| APM peak | 44 |
| eAPM avg | 6.4 |
| Villagers / military | 9 / 0 |
Focus
⚔️ 6.7% · 🌾 93.3%
Feudal
—
Castle
—
Imperial
—
| APM avg | 9.5 |
| APM peak | 21 |
| eAPM avg | 3.1 |
| Villagers / military | 10 / 0 |
Focus
⚔️ 0.0% · 🌾 100.0%
Feudal
—
Castle
—
Imperial
—
| APM avg | 39.0 |
| APM peak | 83 |
| eAPM avg | 7.1 |
| Villagers / military | 7 / 0 |
Focus
⚔️ 10.0% · 🌾 90.0%
Feudal
—
Castle
—
Imperial
—
| APM avg | 49.3 |
| APM peak | 69 |
| eAPM avg | 13.1 |
| Villagers / military | 10 / 0 |
Focus
⚔️ 6.6% · 🌾 93.4%
Feudal
—
Castle
—
Imperial
—
| APM avg | 41.5 |
| APM peak | 59 |
| eAPM avg | 11.5 |
| Villagers / military | 13 / 0 |
Focus
⚔️ 10.0% · 🌾 90.0%
Feudal
—
Castle
—
Imperial
—
| APM avg | 27.2 |
| APM peak | 55 |
| eAPM avg | 8.3 |
| Villagers / military | 15 / 0 |
Focus
⚔️ 10.9% · 🌾 89.1%
Match map
Initial resources + every placement click. Lines = walls · curves = elevation contours. ◆ gold · ⬟ stone · ● berries · ✦ relic · ◌ wall gap
Your base
1688allen's base
Captain.F's base
l 4:20 l Chanchito :3's base
Masala's base
cuongkuia's base
Null's base
Bellum Architectus's base
Smoothed initial terrain · ◌ = detected wall gap · hover for details
Inputs per minute
— michael98 - - 1688allen
Build order — michael98
23 actions detected in the replay
| 0:19 | Build | Town Center |
| 1:13 | Build | House |
| 1:15 | Build | House |
| 1:16 | Build | House |
| 1:18 | Build | House |
| 1:22 | Build | Mining Camp |
| 3:12 | Create | Villager (Male) |
| 3:12 | Create | Villager (Male) |
| 3:12 | Create | Villager (Male) |
| 3:12 | Create | Villager (Male) |
| 3:13 | Create | Villager (Male) |
| 3:13 | Create | Villager (Male) |
| 3:13 | Create | Villager (Male) |
| 5:14 | Create | Villager (Male) |
| 5:15 | Create | Villager (Male) |
| 5:15 | Create | Villager (Male) |
| 5:26 | Research | Loom |
| 6:25 | Create | Villager (Male) |
| 6:25 | Create | Villager (Male) |
| 6:25 | Create | Villager (Male) |
| 6:26 | Create | Villager (Male) |
| 6:27 | Create | Villager (Male) |
| 6:27 | Create | Villager (Male) |
Build order — 1688allen
9 actions detected in the replay
| 0:30 | Build | Town Center |
| 2:21 | Create | Villager (Male) |
| 2:21 | Create | Villager (Male) |
| 2:21 | Create | Villager (Male) |
| 2:22 | Create | Villager (Male) |
| 2:27 | Research | Loom |
| 4:17 | Create | Villager (Male) |
| 4:20 | Create | Villager (Male) |
| 4:49 | Create | Villager (Male) |
Build order — Captain.F
14 actions detected in the replay
| 0:28 | Build | Town Center |
| 2:36 | Build | House |
| 3:07 | Create | Villager (Male) |
| 3:07 | Create | Villager (Male) |
| 3:07 | Create | Villager (Male) |
| 3:07 | Create | Villager (Male) |
| 3:17 | Research | Loom |
| 5:02 | Create | Villager (Male) |
| 5:08 | Build | House |
| 5:51 | Create | Villager (Male) |
| 5:52 | Create | Villager (Male) |
| 5:53 | Create | Villager (Male) |
| 6:20 | Build | Settlement |
| 6:25 | Create | Villager (Male) |
Build order — l 4:20 l Chanchito :3
12 actions detected in the replay
| 1:00 | Build | Town Center |
| 3:39 | Create | Villager (Male) |
| 3:39 | Create | Villager (Male) |
| 3:39 | Create | Villager (Male) |
| 3:40 | Create | Villager (Male) |
| 3:40 | Create | Villager (Male) |
| 3:48 | Build | House |
| 5:11 | Create | Villager (Male) |
| 6:16 | Create | Villager (Male) |
| 6:17 | Create | Villager (Male) |
| 6:17 | Create | Villager (Male) |
| 6:18 | Create | Villager (Male) |
Build order — Masala
12 actions detected in the replay
| 0:56 | Build | Town Center |
| 3:03 | Build | House |
| 3:04 | Create | Villager (Male) |
| 3:05 | Create | Villager (Male) |
| 3:05 | Create | Villager (Male) |
| 3:05 | Create | Villager (Male) |
| 3:06 | Create | Villager (Male) |
| 3:09 | Research | Loom |
| 3:43 | Build | House |
| 5:09 | Build | House |
| 5:14 | Create | Villager (Male) |
| 5:14 | Create | Villager (Male) |
Build order — cuongkuia
16 actions detected in the replay
| 0:17 | Build | Town Center |
| 1:40 | Build | House |
| 2:38 | Create | Villager (Male) |
| 2:38 | Create | Villager (Male) |
| 2:39 | Create | Villager (Male) |
| 2:39 | Create | Villager (Male) |
| 2:39 | Create | Villager (Male) |
| 3:40 | Create | Villager (Male) |
| 4:25 | Build | House |
| 4:35 | Research | Loom |
| 4:49 | Create | Villager (Male) |
| 5:10 | Build | House |
| 5:25 | Create | Villager (Male) |
| 5:25 | Create | Villager (Male) |
| 5:47 | Create | Villager (Male) |
| 5:53 | Build | House |
Build order — Null
19 actions detected in the replay
| 1:15 | Build | Town Center |
| 2:18 | Build | House |
| 3:14 | Create | Villager (Male) |
| 3:14 | Create | Villager (Male) |
| 3:14 | Create | Villager (Male) |
| 3:15 | Create | Villager (Male) |
| 3:18 | Research | Loom |
| 3:56 | Create | Villager (Male) |
| 3:56 | Create | Villager (Male) |
| 4:20 | Create | Villager (Male) |
| 4:20 | Create | Villager (Male) |
| 4:58 | Create | Villager (Male) |
| 4:58 | Create | Villager (Male) |
| 4:58 | Create | Villager (Male) |
| 5:09 | Build | House |
| 5:42 | Build | Lumber Camp |
| 5:53 | Create | Villager (Male) |
| 5:53 | Create | Villager (Male) |
| 6:01 | Build | House |
Build order — Bellum Architectus
20 actions detected in the replay
| 0:31 | Build | Town Center |
| 3:11 | Create | Villager (Male) |
| 3:11 | Create | Villager (Male) |
| 3:11 | Create | Villager (Male) |
| 3:12 | Create | Villager (Male) |
| 3:12 | Create | Villager (Male) |
| 3:52 | Build | House |
| 3:57 | Research | Loom |
| 4:14 | Create | Villager (Male) |
| 4:14 | Create | Villager (Male) |
| 4:15 | Create | Villager (Male) |
| 4:35 | Create | Villager (Male) |
| 4:35 | Create | Villager (Male) |
| 5:13 | Create | Villager (Male) |
| 5:13 | Create | Villager (Male) |
| 5:27 | Build | House |
| 5:28 | Build | House |
| 6:03 | Create | Villager (Male) |
| 6:03 | Create | Villager (Male) |
| 6:03 | Create | Villager (Male) |
Match timeline
| 5:22 | 1688allen · resign |
[ AI ANALYSIS · 1 CREDIT ]
What really happened in this match?
Wolo.gg analyzes every decision: build order, eco, micro, common mistakes by bracket. Personalized analysis on WhatsApp or Discord in 30 seconds.
Civ guide
Persians
Perfil
Jugador #2936203